Map: Terrasses de Prion

Players

zidar - Winner!

  • Race: Zerg Zerg
  • League: Silver
  • Spawn Location: 11:00

Zilikurti

  • Race: Protoss Protoss
  • League: Silver
  • Spawn Location: 5:00

VOD

Have the link to the VOD?

Description

Time

  • Played on: Nov. 27, 2015, 12:11 p.m.
  • Length: 17:02
Show
View Real Time Build Order
Export as new Build Order

zidar Zerg - Winner!

Build Orders: Hatch First 

Get SALT Encoding   

  12  0:01  Drone  
  13  0:12  Overlord  
  13  0:17  Drone  
  14  0:30  Drone x2  
  14  0:34  Drone  
  17  0:54  Hatchery  
  16  0:57  Drone  
  16  1:01  Extractor  
  16  1:03  Drone  
  17  1:19  Spawning Pool  
  17  1:21  Drone  
  17  1:30  Drone  
  18  1:33  Overlord  
  18  1:47  Drone  
  18  1:50  Drone  
  20  2:02  Drone  
  20  2:06  Queen  
  23  2:08  Queen  
  23  2:14  Metabolic Boost  
  25  2:43  Drone  
  26  2:52  Extractor  
  26  2:53  Overlord  
  26  2:54  Overlord  
  25  3:08  Roach Warren  
  25  3:12  Drone x2  
  26  3:13  Drone x3  
  29  3:41  Zergling x2  
  29  3:42  Zergling x12  
  36  3:51  Roach  
  38  3:56  Roach  
  42  4:03  Roach x3  
  46  4:11  Roach x3  
  52  4:30  Overlord  
  52  4:31  Overlord x2  
  52  4:48  Queen  
  54  4:59  Roach x9  
  71  5:34  Drone x3  
  71  5:35  Drone  
  75  5:37  Overlord x2  
  75  5:38  Overlord x2  
  65  6:16  Zergling x2  
  65  6:17  Zergling x14  
  43  6:52  Drone x6  
  49  7:10  Hatchery  
  49  7:11  Lair  
  48  7:19  Extractor  
  48  7:20  Extractor  
  46  7:24  Drone x10  
  56  7:57  Evolution Chamber  
  55  8:11  Hydralisk Den  
  54  8:13  Roach  
  54  8:14  Roach x9  
  74  8:40  Roach x7  
  88  9:04  Zerg Missile Weapons Level 1  
  88  9:07  Muscular Augments  
  88  9:24  Hydralisk x3  
  88  9:25  Hydralisk x4  
  88  9:26  Hydralisk x2  
  88  9:27  Hydralisk  
  108  9:35  Roach x3  
  114  10:08  Overlord  
  114  10:09  Overlord x3  
  114  10:10  Overlord  
  114  10:34  Hydralisk  
  114  10:35  Hydralisk x4  
  118  10:36  Hydralisk x4  
  118  10:37  Hydralisk  
  134  10:43  Hydralisk x3  
  134  10:44  Hydralisk x2  
  144  10:57  Hatchery  
  143  11:29  Roach x2  
  74  12:54  Hydralisk x2  
  74  12:55  Hydralisk  
  74  12:56  Hydralisk x5  
  61  13:14  Hydralisk  
  61  13:15  Hydralisk x3  
  61  13:16  Hydralisk x2  
  73  13:29  Hydralisk x3  
  79  13:40  Hydralisk x2  
  79  13:41  Hydralisk x2  
  87  14:00  Hydralisk  
  87  14:01  Hydralisk x4  
  87  14:02  Hydralisk  
  77  15:23  Hydralisk  
  77  15:24  Hydralisk x2  
  57  16:13  Hatchery  
  56  16:27  Hatchery  
Show
View Real Time Build Order
Export as new Build Order

Zilikurti Protoss 

Build Orders:  

Get SALT Encoding   

  12  0:01  Probe (Chrono Boost)  
  13  0:12  Probe (Chrono Boost)  
  14  0:20  Pylon  
  14  0:23  Probe (Chrono Boost)  
  15  0:44  Gateway  
  15  0:45  Gateway  
  15  0:49  Probe (Chrono Boost)  
  16  0:59  Probe (Chrono Boost)  
  17  1:08  Assimilator  
  17  1:10  Probe (Chrono Boost)  
  18  1:20  Probe (Chrono Boost)  
  19  1:32  Cybernetics Core  
  19  1:35  Zealot (Chrono Boost)  
  19  1:38  Zealot (Chrono Boost)  
  23  1:45  Assimilator  
  23  1:51  Pylon  
  23  2:04  Pylon  
  23  2:09  Warp Gate (Chrono Boost)  
  23  2:21  Probe  
  24  2:29  Stalker (Chrono Boost)  
  26  2:33  Probe  
  27  2:48  Forge  
  27  3:04  Nexus  
  27  3:07  Pylon  
  27  3:09  Pylon  
  27  3:10  Mothership Core (Chrono Boost)  
  29  3:25  Gateway  
  29  3:36  Photon Cannon  
  29  4:03  Photon Cannon  
  29  4:06  Photon Cannon  
  29  4:10  Probe (Chrono Boost)  
  30  4:18  Stalker  
  30  4:21  Probe (Chrono Boost)  
  33  4:28  Probe (Chrono Boost)  
  34  4:32  Probe (Chrono Boost)  
  36  4:38  Probe (Chrono Boost)  
  36  4:42  Probe (Chrono Boost)  
  36  4:43  Stargate  
  37  4:49  Probe (Chrono Boost)  
  38  4:53  Probe (Chrono Boost)  
  38  4:56  Stargate  
  38  4:59  Probe (Chrono Boost)  
  40  5:03  Photon Cannon  
  40  5:18  Stalker  
  40  5:19  Stalker  
  44  5:22  Sentry  
  46  5:31  Phoenix (Chrono Boost)  
  48  5:44  Phoenix (Chrono Boost)  
  50  5:54  Phoenix (Chrono Boost)  
  50  5:55  Protoss Air Weapons Level 1 (Chrono Boost)  
  52  6:04  Phoenix  
  52  6:19  Pylon  
  52  6:23  Photon Cannon  
  48  6:53  Pylon  
  48  6:55  Pylon  
  48  6:58  Assimilator  
  48  7:01  Assimilator  
  48  7:10  Void Ray (Chrono Boost)  
  48  7:13  Void Ray (Chrono Boost)  
  60  7:53  Void Ray (Chrono Boost)  
  60  7:55  Void Ray (Chrono Boost)  
  64  8:27  Void Ray (Chrono Boost)  
  64  8:32  Void Ray (Chrono Boost)  
  72  9:02  Void Ray  
  76  9:23  Pylon  
  76  9:27  Pylon  
  76  9:29  Pylon  
  76  9:30  Pylon  
  76  9:41  Void Ray  
  80  10:32  Void Ray (Chrono Boost)  
  80  10:36  Void Ray (Chrono Boost)  
  80  10:39  Protoss Air Armor Level 1 (Chrono Boost)  
  84  11:13  Void Ray (Chrono Boost)  
  84  11:18  Void Ray (Chrono Boost)  
  96  11:58  Void Ray (Chrono Boost)  
  96  12:00  Void Ray (Chrono Boost)  
  48  12:41  Void Ray (Chrono Boost)  
  50  13:19  Void Ray (Chrono Boost)  
  53  13:21  Probe  
  54  13:28  Stargate  
  54  13:34  Probe  
  55  13:35  Pylon  
  55  13:46  Probe  
  56  13:58  Probe  
  57  14:10  Nexus  
  57  14:14  Assimilator  
  57  14:16  Pylon  
  25  16:46  Pylon  
Tags
 
Add a new tag
Caveats
  • Supply blocks, unpowered buildings, or Contaminate may cause inaccurate times.
  • Supply counts are checked every 10 seconds.